 Dungeon Crawl Stone Soup version 0.29-a0-872-g797fff5ad1 (webtiles) character file.

Game seed: 4606245108423215622

593 Brotato the Sneak (level 7, -6/38 HPs)
             Began as a Spriggan Brigand on July 19, 2022.
             Was an Initiate of Gozag.
             Mangled by an ogre
             ... wielding a +0 giant spiked club
              (30 damage)
             ... on level 5 of the Dungeon.
             The game lasted 00:13:31 (6692 turns).

Brotato the Sneak (Spriggan Brigand)                Turns: 6692, Time: 00:13:32

Health: -6/38      AC:  2    Str:  7    XL:     7   Next: 16%
Magic:  8/8        EV: 20    Int: 12    God:    Gozag
Gold:   360        SH:  0    Dex: 19    Spells: 6/6 levels left

rFire   + . .      SeeInvis +   a - +2 dagger
rCold   + . .      Faith    .   (no shield)
rNeg    . . .      Spirit   .   b - +0 robe
rPois   .          Reflect  .   (helmet restricted)
rElec   .          Harm     .   p - scarf {rC+ rF+}
rCorr   .          Rampage  .   (gloves unavailable)
Will    ++...                   (boots unavailable)
Stlth   +++.......              o - amulet of the acrobat
HPRegen 0.12/turn               t - ring of willpower
MPRegen 0.11/turn               (no ring)

@: very quick
A: very small, no large weapons, unfitting armour, see invisible, speed 3
a: Renounce Religion, Potion Petition, Call Merchant, Bribe Branch


You were on level 5 of the Dungeon.
You worshipped Gozag.
Gozag was aware of your devotion.
You visited 2 branches of the dungeon, and saw 6 of its levels.

You collected 416 gold pieces.
You paid 56 gold pieces to Gozag.

Inventory:

Hand Weapons
 a - a +2 dagger (weapon)
Missiles
 d - 7 poisoned darts (quivered)
 e - 3 curare-tipped darts
Armour
 b - a +0 robe (worn)
 c - a +0 cloak
 p - a scarf of resistance (worn)
Jewellery
 g - an amulet of magic regeneration
 o - an amulet of the acrobat (around neck)
 t - a ring of willpower (left hand)
Scrolls
 k - a scroll of brand weapon {unknown}
 l - a scroll of fog {unknown}
 n - 6 scrolls of identify {unknown}
 q - a scroll of magic mapping {unknown}
 s - a scroll of enchant weapon {unknown}
 u - a scroll of poison {unknown}
Potions
 f - 2 potions of ambrosia {unknown}
 h - a potion of flight {unknown}
 i - a potion of mutation {unknown}
 j - 2 potions of heal wounds {unknown}
 m - 2 potions of lignification {unknown}
 r - a potion of might {unknown}
 v - a potion of cancellation {unknown}


   Skills:
 * Level 4.8 Fighting
 + Level 4.6 Short Blades
 - Level 2.0 Throwing
 + Level 5.0 Dodging
 - Level 5.8 Stealth


You had 6 spell levels left.
You didn't know any spells.
Your spell library contained the following spells:

 Spells                   Type           Power      Damage    Failure   Level
 Necrotise                Necr           0%         1d4       32%         1
 Blink                    Tloc           0%         N/A       45%         2
 Scorch                   Fire           0%         2d5       45%         2
 Vampiric Draining        Necr           0%         2d6       69%         3
 Animate Armour           Summ/Erth      0%         N/A       97%         4
 Dispel Undead            Necr           0%         3d6       97%         4
 Flame Wave               Conj/Fire      0%         2d4       97%         4
 Agony                    Necr           0%         N/A       100%        5
 Blade Hands              Tmut           0%         N/A       100%        5
 Manifold Assault         Tloc           0%         N/A       100%        5
 Death Channel            Necr           0%         N/A       100%        6
 Iron Shot                Conj/Erth      0%         9d1       100%        6
 Summon Cactus Giant      Summ           0%         N/A       100%        6
 Storm Form               Tmut/Air       0%         N/A       100%        7
 Corpse Rot               Necr/Pois/Air  Unusable   N/A       N/A         4

Dungeon Overview and Level Annotations

Branches:
Dungeon (5/15)             Temple (1/1) D:4

Altars:
Ashenzari
Cheibriados
Dithmenos
Elyvilon
Fedhas
Gozag
Kikubaaqudgha
Makhleb
Nemelex Xobeh
Okawaru
Qazlal
Sif Muna
Trog
Uskayaw
Vehumet
Xom
Yredelemnul
Zin


Innate Abilities, Weirdness & Mutations

You are very small and have problems with some larger weapons.
You are too small for most types of armour.
You have supernaturally acute eyesight. (SInv)
You cover ground extremely quickly. (Speed+++)


Message History

You closely miss the adder.
The adder is heavily wounded.
The adder completely misses you.
You hit the adder.
The adder is almost dead.
The adder closely misses you.
You hit the adder.
You kill the adder!
No target in view!
No target in view!
No target in view!
No target in view!
You now have 360 gold pieces (gained 5).
There is an open door here.
An ogre comes into view. It is wielding a +0 giant spiked club.
The ogre shouts!
The ogre closely misses you.
You hit the ogre.
The ogre is lightly wounded.
You hit the ogre.
The ogre is lightly wounded.
The ogre misses you.
You hit the ogre.
The ogre is moderately wounded.
You hit the ogre but do no damage.
The ogre is moderately wounded.
The ogre hits you with a +0 giant spiked club!
You hit the ogre.
The ogre is heavily wounded.
You hit the ogre but do no damage.
The ogre is heavily wounded.
The ogre closely misses you.
You hit the ogre.
The ogre is severely wounded.
You barely miss the ogre.
The ogre is severely wounded.
The ogre hits you with a +0 giant spiked club!!
Ouch! That really hurt!
You die...
Your body crumbles into a pile of gold.

####################
...................#
...................+
.................O.#
................@..#
...................#
#######...........##
......#...........#
......#...........#
......#...........#
......#...........#
......#...........#
......#...........#


You could see an ogre.

Vanquished Creatures
  A sky beast (D:5)
  A gnoll sergeant (D:5)
  2 orc priests (D:4)
  A hound (D:4)
  A gnoll bouda (D:5)
  3 iron imps (D:3)
  An orc wizard (D:4)
  3 gnolls (D:5)
  5 adders
  2 white imps (D:5)
  A dart slug (D:4)
  8 orcs (D:4)
  5 endoplasms
  6 giant cockroaches
  17 goblins
  5 hobgoblins
  8 quokkas
  8 ball pythons
  7 bats
  6 frilled lizards
  4 kobolds
  7 rats
102 creatures vanquished.

Vanquished Creatures (others)
  5 dream sheep (D:4)
  8 plants (D:5)
13 creatures vanquished.

Grand Total: 115 creatures vanquished

Notes
Turn   | Place    | Note
-------+----------+-------------------------------------------
     0 | D:1      | Brotato the Spriggan Brigand began the quest for the Orb.
     0 | D:1      | Reached XP level 1. HP: 10/10 MP: 2/2
   165 | D:1      | Reached XP level 2. HP: 15/15 MP: 3/3
   203 | D:1      | Found a faded altar of an unknown god.
   764 | D:2      | Reached XP level 3. HP: 15/19 MP: 4/4
  1042 | D:2      | Found a bloodstained altar of Trog.
  1785 | D:3      | Found a snail-covered altar of Cheibriados.
  2517 | D:3      | Reached XP level 4. HP: 14/23 MP: 5/5
  2717 | D:3      | Found a stormy altar of Qazlal.
  2717 | D:3      | Found a white marble altar of Elyvilon.
  2796 | D:3      | Found a glowing silver altar of Zin.
  2880 | D:3      | Found a burning altar of Makhleb.
  3536 | D:3      | Reached XP level 5. HP: 16/28 MP: 6/6
  4305 | D:4      | Found a staircase to the Ecumenical Temple.
  4314 | Temple   | Entered the Ecumenical Temple
  4320 | Temple   | Became a worshipper of Gozag Ym Sagoz the Greedy
  5019 | D:4      | Noticed a dream sheep
  5019 | D:4      | Noticed a dream sheep
  5019 | D:4      | Noticed a dream sheep
  5019 | D:4      | Noticed a dream sheep
  5019 | D:4      | Noticed a dream sheep
  5019 | D:4      | Found a shimmering altar of Xom.
  5024 | D:4      | Killed a dream sheep
  5024 | D:4      | Killed a dream sheep
  5025 | D:4      | Reached XP level 6. HP: 33/33 MP: 7/7
  5025 | D:4      | Killed a dream sheep
  5025 | D:4      | Killed a dream sheep
  5026 | D:4      | Killed a dream sheep
  5644 | D:5      | Entered Level 5 of the Dungeon
  5869 | D:5      | Noticed a sky beast
  6397 | D:5      | Killed a sky beast
  6398 | D:5      | Reached skill level 5 in Dodging
  6398 | D:5      | Reached XP level 7. HP: 38/38 MP: 8/8
  6692 | D:5      | Mangled by an ogre

Illustrated notes

Levels and vault maps discovered:
D:1:      sevenhm_arrival_forest_fort_large_4, layout_rooms,
          chequers_ecumenical_altar_twisty, patterned_corridor
D:2:      kennysheep_the_goblin_king, layout_basic, basic_altar, minivault_4
D:3:      layout_basic, amethyst_overflow_temple_binary,
          nicolae_overflow_hidden_temple, general_overflow_altar, demons_altar
D:4:      layout_basic, kb_xom_exploding_sheep, minmay_temple_entry_poolview,
          gup_sewer_entry_pipe
D:5:      layout_gridville, nicolae_grassy_gnolls
Temple:   nicolae_temple_bog_church

Skill      XL: |  1  2  3  4  5  6 |
---------------+-------------------+-----
Fighting       | 2 3 4 |  4.8
Dodging        | 2 3 4 5 |  5.0
Short Blades   | 3 4 |  4.6
Throwing       | |  2.0
Stealth        | |  5.8

Action                   |  1- 3 |  4- 6 |  7- 9 || total
-------------------------+-------+-------+-------++-------
Melee: Dagger            |   174 |   228 |    31 ||   433
       Punch             |     2 |     2 |       ||     4
Throw: Dart              |       |    30 |       ||    30
 Stab: Sleeping          |    13 |     5 |       ||    18
Armor: Robe              |    28 |    14 |     1 ||    43
Dodge: Dodged            |   133 |   114 |    15 ||   262

Table legend: (Time is in decaauts)
 A = Elapsed time spent in this place.
 B = Non-inter-level travel time spent in this place.
 C = Inter-level travel time spent in this place.
 D = Time resting spent in this place.
 E = Time spent auto-exploring this place.
 F = Levels seen in this place.
 G = Mean time per level.
                   A        B        C        D        E       F      G
               +--------+--------+--------+--------+--------+-----+--------+
         Total |   5382 |   5268 |    114 |   1329 |   2868 |   6 |  897.0 |
       Dungeon |   5261 |   5158 |    103 |   1329 |   2766 |   5 | 1052.2 |
        Temple |    120 |    110 |     10 |      0 |    101 |   1 |  120.0 |
               +--------+--------+--------+--------+--------+-----+--------+

Top non-repeatable levels by time:
     D:4: 1532 daAuts
     D:3: 1513 daAuts
     D:2: 1032 daAuts
     D:5: 690 daAuts
     D:1: 492 daAuts
  Temple: 120 daAuts
